TOP OF THE 1ST |
Hickory Crawdads batting - Pitching for Charleston RiverDogs : LHP Dan Clausing
|
Pitching: LHP Dan Clausing
|
|
Batting: RHB Theo van Gent
|
0-0: Ground out 5-3 (Groundball, 56, EV 85.0 MPH)
|
Batting: LHB Nick Foutz
|
0-0: Called Strike 0-1: Fly out, F7 (Flyball, 78M, EV 98.8 MPH)
|
Batting: RHB Doug Hammertime
|
0-0: Ball 1-0: Ground out 4-3 (Groundball, 4, EV 85.0 MPH)
|
Top of the 1st over - 0 runs, 0 hits, 0 errors, 0 left on base; Hickory 0 - Charleston 0 |
BOTTOM OF THE 1ST |
Charleston RiverDogs batting - Pitching for Hickory Crawdads : RHP Edgar Lacombe
|
Pitching: RHP Edgar Lacombe
|
|
Batting: LHB Tatsuo Yasui
|
0-0: Ball 1-0: Foul Ball, location: 2F 1-1: Ball 2-1: SINGLE (Groundball, 3D, EV 111.3 MPH)
|
Batting: SHB Blake Abbott
|
0-0: Fly out, F7 (Flyball, 78D, EV 101.9 MPH)
|
Batting: RHB James Boynton
|
0-0: Swinging Strike 0-1: Ball Tatsuo Yasui is caught stealing 2nd base 2-4 1-1: Swinging Strike 1-2: Ball 2-2: Ball 3-2: Ground out 4-3 (Groundball, 4, EV 105.6 MPH)
|
Bottom of the 1st over - 0 runs, 1 hit, 0 errors, 0 left on base; Hickory 0 - Charleston 0 |
TOP OF THE 2ND |
Hickory Crawdads batting - Pitching for Charleston RiverDogs : LHP Dan Clausing
|
Batting: RHB Bobby Larson
|
0-0: Ground out 6-3 (Groundball, 6, EV 78.8 MPH)
|
Batting: LHB Franklin Quezada
|
0-0: Ball 1-0: SINGLE (Groundball, 6MD, EV 99.4 MPH)
|
Batting: RHB Jason Swisher
|
0-0: Ball 1-0: Ball 2-0: Swinging Strike 2-1: Called Strike 2-2: Strikes out looking Franklin Quezada steals 2nd base (no throw) Batter strikes out.
|
Batting: SHB Santos Renteria
|
0-0: Ball 1-0: Ball 2-0: Ball 3-0: Called Strike 3-1: 2-RUN HOME RUN (Line Drive, 7LD, EV 98.1 MPH), Distance : 372 ft
|
Batting: LHB Casper Kersten
|
0-0: Called Strike 0-1: Ball 1-1: Ball 2-1: Ball 3-1: Foul Ball, location: 2F 3-2: Strikes out swinging
|
Top of the 2nd over - 2 runs, 2 hits, 0 errors, 0 left on base; Hickory 2 - Charleston 0 |
BOTTOM OF THE 2ND |
Charleston RiverDogs batting - Pitching for Hickory Crawdads : RHP Edgar Lacombe
|
Batting: SHB Reagan Dudley
|
0-0: Ball 1-0: Called Strike 1-1: Ball 2-1: Ball 3-1: Foul Ball, location: 2F 3-2: Fly out, F6 (Flyball, 6MD, EV 91.9 MPH)
|
Batting: RHB Riley Nasiir
|
0-0: Foul Ball, location: 2F 0-1: Fly out, F8 (Flyball, 8RD, EV 86.9 MPH)
|
Batting: SHB Mike Goad
|
0-0: Called Strike 0-1: Ball 1-1: Ball 2-1: Called Strike 2-2: Strikes out looking
|
Bottom of the 2nd over - 0 runs, 0 hits, 0 errors, 0 left on base; Hickory 2 - Charleston 0 |
TOP OF THE 3RD |
Hickory Crawdads batting - Pitching for Charleston RiverDogs : LHP Dan Clausing
|
Batting: RHB Jose Guerrero
|
0-0: Ball 1-0: Ball 2-0: Ball 3-0: Called Strike 3-1: Foul Ball, location: 2F 3-2: Strikes out swinging, 2-3 out at first.
|
Batting: RHB Theo van Gent
|
0-0: Ball 1-0: Called Strike 1-1: Ball 2-1: Ball 3-1: Base on Balls
|
Batting: LHB Nick Foutz
|
0-0: Called Strike Theo van Gent steals 2nd base (no throw) 0-1: SINGLE (Line Drive, 8LS, EV 87.5 MPH) Theo van Gent to third Runner from 3rd tries for Home, SAFE, throw by CF to home
|
Batting: RHB Doug Hammertime
|
0-0: Ball 1-0: Ball Nick Foutz steals 2nd base 2-0: Called Strike Nick Foutz steals 3rd base (no throw) 2-1: Called Strike 2-2: Hit by Pitch
|
Batting: RHB Bobby Larson
|
0-0: Ball 1-0: Foul Ball, location: 2F 1-1: Ball Wild Pitch! Nick Foutz scores Doug Hammertime to second 2-1: Fly out, F9 (Flyball, 9S, EV 80.6 MPH)
|
Batting: LHB Franklin Quezada
|
0-0: Called Strike 0-1: Ball 1-1: Foul Ball, location: 2F 1-2: Ball 2-2: Strikes out swinging
|
Top of the 3rd over - 2 runs, 1 hit, 0 errors, 1 left on base; Hickory 4 - Charleston 0 |
BOTTOM OF THE 3RD |
Charleston RiverDogs batting - Pitching for Hickory Crawdads : RHP Edgar Lacombe
|
Batting: RHB Eric Blais
|
0-0: Called Strike 0-1: Ball 1-1: Fly out, F7 (Flyball, 7S, EV 89.4 MPH)
|
Batting: RHB Miguel Leal
|
0-0: Ball 1-0: Foul Ball, location: 2F 1-1: Ball 2-1: DOUBLE (Line Drive, 7LS, EV 107.5 MPH)
|
Batting: RHB Carlos Guadarrama
|
0-0: Foul Ball, location: 2F 0-1: Ball 1-1: Ball 2-1: Fly out, F6 (Popup, 6M, EV 72.5 MPH)
|
Batting: LHB Tatsuo Yasui
|
0-0: Ground out 6-3 (Groundball, 6, EV 105.0 MPH)
|
Bottom of the 3rd over - 0 runs, 1 hit, 0 errors, 1 left on base; Hickory 4 - Charleston 0 |
TOP OF THE 4TH |
Hickory Crawdads batting - Pitching for Charleston RiverDogs : LHP Dan Clausing
|
Batting: RHB Jason Swisher
|
0-0: Foul Ball, location: 2F 0-1: Swinging Strike 0-2: Strikes out swinging
|
Batting: SHB Santos Renteria
|
0-0: Called Strike 0-1: Ball 1-1: Fly out, F8 (Flyball, 8LM, EV 93.1 MPH)
|
Batting: LHB Casper Kersten
|
0-0: Swinging Strike 0-1: Fly out, F3 (Line Drive, 3, EV 62.5 MPH)
|
Top of the 4th over - 0 runs, 0 hits, 0 errors, 0 left on base; Hickory 4 - Charleston 0 |
BOTTOM OF THE 4TH |
Charleston RiverDogs batting - Pitching for Hickory Crawdads : RHP Edgar Lacombe
|
Batting: SHB Blake Abbott
|
0-0: Ball 1-0: Ball 2-0: Called Strike 2-1: Called Strike 2-2: Ball 3-2: Base on Balls
|
Batting: RHB James Boynton
|
0-0: Called Strike 0-1: Ball 1-1: Ball 2-1: Swinging Strike 2-2: Foul Ball, location: 2F 2-2: SINGLE (Groundball, 4S, EV 71.3 MPH) (infield hit) Blake Abbott to second
|
Batting: SHB Reagan Dudley
|
0-0: Called Strike 0-1: Fielders Choice at 2nd, 6-4 (Groundball, 6, EV 98.8 MPH) Blake Abbott to third
|
Batting: RHB Riley Nasiir
|
0-0: Fielders Choice at 2nd, 6-4 (Groundball, 56D, EV 95.6 MPH) Blake Abbott scores
|
Batting: SHB Mike Goad
|
0-0: Called Strike 0-1: Called Strike Riley Nasiir steals 2nd base 0-2: Strikes out looking
|
Bottom of the 4th over - 1 run, 1 hit, 0 errors, 1 left on base; Hickory 4 - Charleston 1 |
TOP OF THE 5TH |
Hickory Crawdads batting - Pitching for Charleston RiverDogs : LHP Dan Clausing
|
Batting: RHB Jose Guerrero
|
0-0: Called Strike 0-1: Ball 1-1: SINGLE (Line Drive, 89S, EV 106.9 MPH)
|
Batting: RHB Theo van Gent
|
0-0: Ball 1-0: Called Strike 1-1: Ball 2-1: Foul Ball, location: 2F 2-2: Foul Ball, location: 2F 2-2: Ball 3-2: Fly out, F9 (Flyball, 9LM, EV 88.1 MPH)
|
Batting: LHB Nick Foutz
|
0-0: Ball 1-0: Grounds into double play, 4-6-3 (Groundball, 34, EV 99.4 MPH)
|
Top of the 5th over - 0 runs, 1 hit, 0 errors, 0 left on base; Hickory 4 - Charleston 1 |
BOTTOM OF THE 5TH |
Charleston RiverDogs batting - Pitching for Hickory Crawdads : RHP Edgar Lacombe
|
Batting: RHB Eric Blais
|
0-0: Ball 1-0: Ball 2-0: Fly out, F8 (Flyball, 8LXD, EV 95.6 MPH)
|
Batting: RHB Miguel Leal
|
0-0: Called Strike 0-1: Ball 1-1: Ground out 6-3 (Groundball, 6S, EV 84.4 MPH)
|
Batting: RHB Carlos Guadarrama
|
0-0: Called Strike 0-1: Foul Ball, location: 2F 0-2: Ball 1-2: Ball 2-2: Foul Ball, location: 2F 2-2: Strikes out swinging
|
Bottom of the 5th over - 0 runs, 0 hits, 0 errors, 0 left on base; Hickory 4 - Charleston 1 |
TOP OF THE 6TH |
Hickory Crawdads batting - Pitching for Charleston RiverDogs : LHP Dan Clausing
|
Batting: RHB Doug Hammertime
|
0-0: Ball 1-0: SINGLE (Groundball, 4S, EV 68.1 MPH) (infield hit)
|
Batting: RHB Bobby Larson
|
0-0: Ball 1-0: SINGLE (Popup, 56D, EV 74.4 MPH) Doug Hammertime to second
|
Batting: LHB Franklin Quezada
|
0-0: Foul Ball, location: 2F 0-1: Swinging Strike 0-2: Ball 1-2: Ball 2-2: Ball 3-2: Strikes out swinging
|
Batting: RHB Jason Swisher
|
0-0: Ball 1-0: Swinging Strike 1-1: Swinging Strike 1-2: Ball 2-2: Ball 3-2: Foul Ball, location: 2F 3-2: SINGLE (Flyball, 89S, EV 98.8 MPH) Doug Hammertime to third Bobby Larson to second
|
Batting: SHB Santos Renteria
|
0-0: Ball 1-0: GRAND SLAM HOME RUN (Flyball, 7D, EV 97.5 MPH), Distance : 409 ft
|
Pitching: RHP William Beran
|
|
Batting: LHB Casper Kersten
|
0-0: Ground out 4-3 (Groundball, 4M, EV 80.6 MPH)
|
Batting: RHB Jose Guerrero
|
0-0: Foul Ball, location: 2F 0-1: Ball 1-1: Ball 2-1: SOLO HOME RUN (Flyball, 7D, EV 101.9 MPH), Distance : 410 ft
|
Batting: RHB Theo van Gent
|
0-0: Ball 1-0: Foul Ball, location: 2F 1-1: Fly out, F9 (Line Drive, 9, EV 94.4 MPH)
|
Top of the 6th over - 5 runs, 5 hits, 0 errors, 0 left on base; Hickory 9 - Charleston 1 |
BOTTOM OF THE 6TH |
Charleston RiverDogs batting - Pitching for Hickory Crawdads : RHP Edgar Lacombe
|
Batting: LHB Tatsuo Yasui
|
0-0: Called Strike 0-1: Ball 1-1: Swinging Strike 1-2: Ball 2-2: Foul Ball, location: 2F 2-2: Fly out, F7 (Flyball, 7, EV 95.6 MPH)
|
Batting: SHB Blake Abbott
|
0-0: Called Strike 0-1: Called Strike 0-2: Fly out, F5 (Popup, 6S, EV 81.9 MPH)
|
Batting: RHB James Boynton
|
0-0: Called Strike 0-1: Ball 1-1: Ball 2-1: Foul Ball, location: 2F 2-2: Ball 3-2: SINGLE (Groundball, 34D, EV 110.6 MPH)
|
Batting: SHB Reagan Dudley
|
0-0: Ball 1-0: Ball 2-0: Foul Ball, location: 2F 2-1: Ball 3-1: Foul Ball, location: 2F 3-2: 2-RUN HOME RUN (Flyball, 9LD, EV 94.4 MPH), Distance : 344 ft
|
Batting: RHB Riley Nasiir
|
0-0: Ball 1-0: Ground out 4-3 (Groundball, 4, EV 106.3 MPH)
|
Bottom of the 6th over - 2 runs, 2 hits, 0 errors, 0 left on base; Hickory 9 - Charleston 3 |
TOP OF THE 7TH |
Hickory Crawdads batting - Pitching for Charleston RiverDogs : RHP William Beran
|
Batting: LHB Nick Foutz
|
0-0: Ball 1-0: Fly out, F8 (Line Drive, 8LD, EV 91.9 MPH)
|
Batting: RHB Doug Hammertime
|
0-0: Fly out, F4 (Popup, 23, EV 83.8 MPH)
|
Batting: RHB Bobby Larson
|
0-0: Ground out 6-3 (Groundball, 6, EV 81.9 MPH)
|
Top of the 7th over - 0 runs, 0 hits, 0 errors, 0 left on base; Hickory 9 - Charleston 3 |
BOTTOM OF THE 7TH |
Charleston RiverDogs batting - Pitching for Hickory Crawdads : RHP Edgar Lacombe
|
Batting: SHB Mike Goad
|
0-0: Ball 1-0: Called Strike 1-1: Ball 2-1: Called Strike 2-2: Foul Ball, location: 2F 2-2: Ball 3-2: Ground out 4-3 (Groundball, 4, EV 99.4 MPH)
|
Batting: RHB Eric Blais
|
0-0: Called Strike 0-1: Foul Ball, location: 2F 0-2: Strikes out looking
|
Batting: RHB Miguel Leal
|
0-0: Ball 1-0: Swinging Strike 1-1: Called Strike 1-2: Ball 2-2: Foul Ball, location: 2F 2-2: Ground out 5-3 (Groundball, 5, EV 78.8 MPH)
|
Bottom of the 7th over - 0 runs, 0 hits, 0 errors, 0 left on base; Hickory 9 - Charleston 3 |
TOP OF THE 8TH |
Hickory Crawdads batting - Pitching for Charleston RiverDogs : RHP William Beran
|
Batting: LHB Franklin Quezada
|
0-0: Called Strike 0-1: Called Strike 0-2: Ball 1-2: Strikes out looking
|
Batting: RHB Jason Swisher
|
0-0: Ball 1-0: Foul Ball, location: 2F 1-1: Ball 2-1: Ground out 1-3 (Groundball, 13S, EV 67.5 MPH)
|
Batting: SHB Santos Renteria
|
0-0: Ball 1-0: Called Strike 1-1: DOUBLE (Flyball, 8LXD, EV 107.5 MPH)
|
Batting: LHB Casper Kersten
|
0-0: Foul Ball, location: 2F 0-1: Foul Ball, location: 2F 0-2: Ball 1-2: Ball 2-2: Strikes out looking
|
Top of the 8th over - 0 runs, 1 hit, 0 errors, 1 left on base; Hickory 9 - Charleston 3 |
BOTTOM OF THE 8TH |
Charleston RiverDogs batting - Pitching for Hickory Crawdads : RHP Edgar Lacombe
|
Batting: RHB Carlos Guadarrama
|
0-0: Ball 1-0: Swinging Strike 1-1: Foul Ball, location: 2F 1-2: Fly out, F4 (Popup, 34, EV 63.1 MPH)
|
Pitching: LHP Logan Benson
|
|
Batting: LHB Tatsuo Yasui
|
0-0: Ball 1-0: Called Strike 1-1: Ball 2-1: Ball 3-1: Ground out 6-3 (Groundball, 6MD, EV 99.4 MPH)
|
Batting: SHB Blake Abbott
|
0-0: Foul Ball, location: 2F 0-1: Ball 1-1: Ball 2-1: Ball 3-1: Base on Balls
|
Batting: RHB James Boynton
|
0-0: Called Strike 0-1: Foul Ball, location: 2F 0-2: Ground out 6-3 (Groundball, 6S, EV 70.0 MPH)
|
Bottom of the 8th over - 0 runs, 0 hits, 0 errors, 1 left on base; Hickory 9 - Charleston 3 |
TOP OF THE 9TH |
Hickory Crawdads batting - Pitching for Charleston RiverDogs : RHP William Beran
|
Pitching: RHP Bruce Cruz
|
|
Batting: RHB Jose Guerrero
|
0-0: Ground out 6-3 (Groundball, 6, EV 108.8 MPH)
|
Batting: RHB Theo van Gent
|
0-0: Ball 1-0: Ball 2-0: Swinging Strike 2-1: Foul Ball, location: 2F 2-2: Strikes out swinging
|
Batting: LHB Nick Foutz
|
0-0: Called Strike 0-1: Called Strike 0-2: Foul Ball, location: 2F 0-2: Ball 1-2: Ball 2-2: Ball 3-2: Foul Ball, location: 2F 3-2: Strikes out looking
|
Top of the 9th over - 0 runs, 0 hits, 0 errors, 0 left on base; Hickory 9 - Charleston 3 |
BOTTOM OF THE 9TH |
Charleston RiverDogs batting - Pitching for Hickory Crawdads : LHP Logan Benson
|
Batting: SHB Reagan Dudley
|
0-0: Ball 1-0: Foul Ball, location: 2F 1-1: Fly out, F7 (Flyball, 7S, EV 94.4 MPH)
|
Batting: RHB Riley Nasiir
|
0-0: Foul Ball, location: 2F 0-1: Ball 1-1: Swinging Strike 1-2: Ground out 6-3 (Groundball, 6M, EV 92.5 MPH)
|
Batting: SHB Mike Goad
|
0-0: Swinging Strike 0-1: Ball 1-1: Swinging Strike 1-2: Foul Ball, location: 2F 1-2: Ball 2-2: Ball 3-2: Strikes out swinging
|
Bottom of the 9th over - 0 runs, 0 hits, 0 errors, 0 left on base; Hickory 9 - Charleston 3 |
|